 Dungeon Crawl Stone Soup version 0.25-a0-292-gaa31f046c4 (webtiles) character file.

Game seed: 4255367579447701652, levelgen mode: deterministic

1179 Goblin1989 the Magician (level 8, -6/58 HPs)
             Began as a Gnoll Wizard on Dec 16, 2019.
             Was a Follower of Vehumet.
             Killed from afar by an orc wizard (9 damage)
             ... with a puff of flame
             ... on level 6 of the Dungeon.
             The game lasted 00:21:52 (9059 turns).

Goblin1989 the Magician (Gnoll Wizard)              Turns: 9059, Time: 00:21:53

Health: -6/58      AC:  2    Str:  9    XL:     8   Next: 42%
Magic:  2/19       EV: 15    Int: 25    God:    Vehumet [*.....]
Gold:   241        SH:  0    Dex: 14    Spells: 11/22 levels left

rFire    . . .     SeeInvis .   p - +1 dagger (speed)
rCold    . . .     Gourm    .   (no shield)
rNeg     . . .     Faith    +   a - +0 robe
rPois    .         Spirit   .   b - +0 hat
rElec    .         Reflect  .   (no cloak)
rCorr    .         Harm     .   (no gloves)
MR       +....                  (no boots)
Stlth    +++.......             I - amulet of faith {!P}
HPRegen  0.19/turn              R - +2 ring of intelligence
MPRegen  0.16/turn              m - ring of protection from magic

@: no status effects
A: distributed training, fangs 1, strong nose
a: Renounce Religion


You were on level 6 of the Dungeon.
You worshipped Vehumet.
Vehumet was aware of your devotion.
You were not hungry.

You visited 2 branches of the dungeon, and saw 7 of its levels.
You also visited: Ossuary.

You collected 241 gold pieces.

Inventory:

Hand Weapons
 p - a +1 dagger of speed (weapon)
 F - a +0 whip
 L - a +0 quarterstaff
 Q - a +2 vampiric dagger
Missiles
 l - 103 stones (quivered) {@Q3}
 E - 35 arrows
 M - 8 bolts
 Z - a throwing net {!d , @Q1}
Armour
 a - a +0 robe (worn)
 b - a +0 hat (worn)
 P - a +2 robe of positive energy
Jewellery
 m - a ring of protection from magic (right hand)
 I - an amulet of faith (around neck) {!P}
 J - an uncursed ring of ice
 N - a +3 ring of dexterity
 R - a +2 ring of intelligence (left hand)
Scrolls
 f - a scroll of fear {unknown}
 i - a scroll of enchant armour {unknown}
 y - a scroll of enchant weapon {unknown}
 A - 2 scrolls of blinking {unknown}
 C - a scroll of noise {unknown}
 O - a scroll of amnesia {unknown}
 S - 2 scrolls of remove curse {@r3}
 T - 2 scrolls of teleportation {!r, @r2}
 U - 2 scrolls of random uselessness {unknown}
Potions
 k - 3 potions of brilliance
 n - a potion of ambrosia {unknown}
 u - a potion of agility {@q5}
 v - a potion of berserk rage {unknown}
 V - 2 potions of heal wounds {unknown}
 W - a potion of resistance {unknown}
 X - a potion of lignification {unknown}
 Y - 3 potions of curing {unknown}
Comestibles
 e - 2 rations
 K - 4 chunks of flesh


   Skills:
 + Level 3.2 Fighting
 + Level 3.2 Short Blades
 + Level 3.2 Long Blades
 + Level 3.2 Axes
 + Level 3.2 Maces & Flails
 + Level 3.2 Polearms
 + Level 3.2 Staves
 + Level 3.2 Slings
 + Level 3.2 Bows
 + Level 3.2 Crossbows
 + Level 3.2 Throwing
 + Level 3.2 Armour
 + Level 5.6 Dodging
 + Level 5.3 Stealth
 + Level 3.2 Shields
 + Level 3.2 Unarmed Combat
 + Level 7.9 Spellcasting
 + Level 3.4 Conjurations
 + Level 2.6 Hexes
 + Level 2.6 Charms
 + Level 3.4 Summonings
 + Level 2.6 Necromancy
 + Level 3.4 Translocations
 + Level 2.6 Transmutations
 + Level 2.6 Fire Magic
 + Level 2.6 Ice Magic
 + Level 2.6 Air Magic
 + Level 2.6 Earth Magic
 + Level 2.6 Poison Magic
 + Level 3.5 Invocations
 + Level 3.2 Evocations


You had 11 spell levels left.
You knew the following spells:

 Your Spells              Type           Power        Failure   Level  Hunger
a - Magic Dart            Conj           ####         1%          1    None
b - Call Imp              Summ           ####....     2%          2    None
d - Blink                 Tloc           N/A          2%          2    None
j - Conjure Flame         Conj/Fire      ###.....     5%          3    None
m - Mephitic Cloud        Conj/Pois/Air  ###.....     5%          3    None

Your spell library contained the following spells:

 Spells                   Type           Power        Failure   Level  Hunger
 Freeze                   Ice            ###.         2%          1    None
 Slow                     Hex            ###.....     3%          2    None


Dungeon Overview and Level Annotations

Branches:
Dungeon (6/15)             Temple (1/1) D:4         Ossuary (visited)

Altars:
Elyvilon
Makhleb
Okawaru
Ru
Uskayaw
Vehumet
Wu Jian
Xom
Yredelemnul
The Shining One

Annotations:
D:4 Dowan, Duvessa, Eustachio


Innate Abilities, Weirdness & Mutations

Your experience applies equally to all skills.
You have very sharp teeth.
Your uncanny sense of smell can sniff out nearby items.


Message History

Confirm with . or Enter, or press ? or * to list all spells.
Aiming: Magic Dart (safe; 1% risk of failure)
Press: ? - help, Shift-Dir - straight line, f/p - gnoll
Aim: a gnoll, wielding a +0 whip (heavily wounded, fast)
The magic dart hits the gnoll!
The gnoll is almost dead.
The gnoll completely misses you.
You now have 5/19 mp.
Casting: Magic Dart (safe; 1% risk of failure)
Confirm with . or Enter, or press ? or * to list all spells.
Aiming: Magic Dart (safe; 1% risk of failure)
Press: ? - help, Shift-Dir - straight line, f/p - gnoll
Aim: a gnoll, wielding a +0 whip (almost dead, fast)
The magic dart hits the gnoll.
You kill the gnoll!
Vehumet accepts your kill.
You feel your power returning.
A gnoll comes into view. It is wielding a -1 spear.
Casting: Magic Dart (safe; 1% risk of failure)
Confirm with . or Enter, or press ? or * to list all spells.
Aiming: Magic Dart (safe; 1% risk of failure)
Press: ? - help, Shift-Dir - straight line, f - orc wizard
Aim: an orc wizard, wielding a +0 dagger and wearing a +0 robe (lightly wounded, fast)
The magic dart hits the orc wizard.
The orc wizard is moderately wounded.
Things that are here:
a +0 whip; a gnoll corpse
Casting: Magic Dart (safe; 1% risk of failure)
Confirm with . or Enter, or press ? or * to list all spells.
Aiming: Magic Dart (safe; 1% risk of failure)
Press: ? - help, Shift-Dir - straight line, f/p - orc wizard
Aim: an orc wizard, wielding a +0 dagger and wearing a +0 robe (moderately wounded, fast)
The magic dart hits the orc wizard.
The orc wizard is moderately wounded.
The orc wizard points at you and mumbles some strange words.
The puff of flame hits you!
* * * LOW HITPOINT WARNING * * *
The orc wizard hits you with a +0 dagger.
* * * LOW HITPOINT WARNING * * *
You take 9 damage, and have 18/58 hp.
You now have 4/19 mp.
Casting: Magic Dart (safe; 1% risk of failure)
Confirm with . or Enter, or press ? or * to list all spells.
Aiming: Magic Dart (safe; 1% risk of failure)
Press: ? - help, Shift-Dir - straight line, f/p - orc wizard
Aim: an orc wizard, wielding a +0 dagger and wearing a +0 robe (moderately wounded, fast)
The magic dart hits the orc wizard but does no damage.
The orc wizard is moderately wounded.
The orc wizard hits you with a +0 dagger.
* * * LOW HITPOINT WARNING * * *
The orc wizard casts a spell at you. The magic dart hits you.
* * * LOW HITPOINT WARNING * * *
You take 5 damage, and have 13/58 hp.
You now have 3/19 mp.
Unknown command.
You see here 2 stones {@Q3}.
The orc wizard hits you but does no damage.
You see here a stone.
The orc wizard casts a spell at you. The magic dart hits you.
* * * LOW HITPOINT WARNING * * *
You take 6 damage, and have 8/58 hp.
The orc wizard looks encouraged for a moment.
Things that are here:
a +0 flail; a +0 leather armour; an orc skeleton The orc wizard is no longer moving quickly.
The orc wizard hits you with a +0 dagger.
* * * LOW HITPOINT WARNING * * *
You take 5 damage, and have 4/58 hp.
Casting: Magic Dart (safe; 1% risk of failure)
Confirm with . or Enter, or press ? or * to list all spells.
Aiming: Mephitic Cloud (safe; 5% risk of failure)
Press: ? - help, Shift-Dir - straight line, p - orc wizard The ball explodes into a vile cloud!
The stinking cloud engulfs the orc wizard but does no damage.
The orc wizard is lightly wounded.
The orc wizard closely misses you.
You now have 2/19 mp.
Unknown command.
Casting: Mephitic Cloud (safe; 5% risk of failure)
Confirm with . or Enter, or press ? or * to list all spells.
Aiming: Magic Dart (safe; 1% risk of failure)
Press: ? - help, Shift-Dir - straight line, f - orc wizard
Aim: an orc wizard, wielding a +0 dagger and wearing a +0 robe (lightly wounded)
The magic dart hits the orc wizard!
The orc wizard is severely wounded.
The orc wizard hits you but does no damage.
You now have 1/19 mp.
Casting: Magic Dart (safe; 1% risk of failure)
Confirm with . or Enter, or press ? or * to list all spells.
Aiming: Magic Dart (safe; 1% risk of failure)
Press: ? - help, Shift-Dir - straight line, f/p - orc wizard
Aim: an orc wizard, wielding a +0 dagger and wearing a +0 robe (heavily wounded)
The magic dart hits the orc wizard.
The orc wizard is severely wounded.
The orc wizard hits you with a +0 dagger.
* * * LOW HITPOINT WARNING * * *
You take 3 damage, and have 2/58 hp.
You now have 0/19 mp.
The orc wizard points at you and mumbles some strange words.
The puff of flame hits you!
You die... █.██████ █.. █h██ █......█ █.█ █.█. ██████.█ █.█ █(█. ██████████<█

█.█ █g█. █..........█ █.█ █.█.
█.██████████ █.█ █.█.
██.███████████ █.█ █████████...
█............███.█████.......)...
█..█████████....@.og.............
█..█ ███████████...███████. █..█


█████ █. ...█ █. ██.█ █. █.█ ██ █.█ █.█ █.█ You could see an orc wizard and a
gnoll.

Vanquished Creatures
  An orc warrior (D:6)
  A black bear (D:6)
  2 ogres
  A scorpion (D:5)
  2 wights
  2 jellies (D:3)
  An orc wizard (D:4)
  A bullfrog zombie (D:5)
  2 centaur skeletons
  A gnoll shaman (D:6)
  2 hounds
  6 big kobold zombies (Ossuary)
  A hound skeleton (D:5)
  A mummy (Ossuary)
  A worker ant zombie (D:6)
  Robin (D:2)
  A gnoll (D:6)
  8 adders
  10 oozes
  An adder zombie (D:6)
  2 worms
  4 dart slugs
  4 leopard geckos
  12 orcs
  2 spectral bats (Ossuary)
  5 giant cockroaches
  5 gnoll zombies (Ossuary)
  14 goblins
  12 hobgoblins
  12 jackals
  2 quokkas
  2 ball pythons
  6 bats
  A bat simulacrum (Ossuary)
  3 frilled lizards
  A goblin simulacrum (Ossuary)
  4 goblin zombies
  4 hobgoblin zombies (Ossuary)
  11 kobolds
  3 kobold simulacra (Ossuary)
  5 kobold zombies (Ossuary)
  6 orc zombies (Ossuary)
  A quokka skeleton (D:5)
  A quokka zombie (D:4)
  10 rats
  A rat simulacrum (Ossuary)
  A spectral kobold (Ossuary)
  5 spectral rats (Ossuary)
185 creatures vanquished.

Vanquished Creatures (collateral kills)
  2 orc wizards (D:4)
2 creatures vanquished.

Vanquished Creatures (others)
  2 bat simulacra (Ossuary)
  2 kobold simulacra (Ossuary)
  9 toadstools (D:3)
13 creatures vanquished.

Grand Total: 200 creatures vanquished

Notes
Turn   | Place    | Note
-------+----------+-------------------------------------------
     0 | D:1      | Goblin1989 the Gnoll Wizard began the quest for the Orb.
     0 | D:1      | Reached XP level 1. HP: 13/13 MP: 8/8
   224 | D:1      | Reached XP level 2. HP: 19/19 MP: 7/10
   849 | D:2      | Reached XP level 3. HP: 25/25 MP: 5/11
   931 | D:2      | Found a white marble altar of Elyvilon.
  1071 | D:2      | Noticed Robin
  1234 | D:2      | Reached skill level 1 in Invocations
  1245 | D:2      | Killed Robin
  1284 | D:1      | Reached skill level 1 in Fighting
  1284 | D:1      | Reached skill level 1 in Short Blades
  1284 | D:1      | Reached skill level 1 in Long Blades
  1284 | D:1      | Reached skill level 1 in Axes
  1284 | D:1      | Reached skill level 1 in Maces & Flails
  1284 | D:1      | Reached skill level 1 in Polearms
  1284 | D:1      | Reached skill level 1 in Staves
  1284 | D:1      | Reached skill level 1 in Slings
  1284 | D:1      | Reached skill level 1 in Bows
  1284 | D:1      | Reached skill level 1 in Crossbows
  1284 | D:1      | Reached skill level 1 in Throwing
  1284 | D:1      | Reached skill level 1 in Armour
  1284 | D:1      | Reached skill level 1 in Shields
  1284 | D:1      | Reached skill level 1 in Unarmed Combat
  1284 | D:1      | Reached skill level 1 in Evocations
  1490 | D:2      | Reached XP level 4. HP: 20/32 MP: 5/13
  1856 | D:2      | Found a hide-covered altar of Uskayaw.
  1858 | D:2      | Found a white marble altar of Elyvilon.
  1861 | D:2      | Found a shimmering altar of Xom.
  1863 | D:2      | Found an iron altar of Okawaru.
  1864 | D:2      | Found an ornate altar of the Wu Jian Council.
  1866 | D:2      | Found a sacrificial altar of Ru.
  1878 | D:2      | Found a glowing golden altar of the Shining One.
  2570 | D:3      | Found a faded altar of an unknown god.
  2586 | D:3      | Reached skill level 1 in Hexes
  2586 | D:3      | Reached skill level 1 in Charms
  2586 | D:3      | Reached skill level 1 in Necromancy
  2586 | D:3      | Reached skill level 1 in Transmutations
  2586 | D:3      | Reached skill level 1 in Fire Magic
  2586 | D:3      | Reached skill level 1 in Ice Magic
  2586 | D:3      | Reached skill level 1 in Air Magic
  2586 | D:3      | Reached skill level 1 in Earth Magic
  2586 | D:3      | Reached skill level 1 in Poison Magic
  2837 | D:3      | Reached XP level 5. HP: 32/37 MP: 7/14
  3914 | D:3      | Reached XP level 6. HP: 20/44 MP: 5/16
  4372 | D:4      | Learned a level 2 spell: Blink
  4375 | D:4      | Learned a level 2 spell: Call Imp
  4379 | D:4      | Learned a level 3 spell: Mephitic Cloud
  4417 | D:4      | Found a sand-covered staircase.
  4427 | Ossuary  | Entered an ossuary
  4432 | Ossuary  | Learned a level 3 spell: Conjure Flame
  5012 | Ossuary  | Reached skill level 5 in Dodging
  6223 | D:4      | Noticed Dowan
  6283 | D:4      | Reached XP level 7. HP: 46/50 MP: 11/18
  6466 | D:4      | Found a burning altar of Makhleb.
  6820 | D:4      | Found a staircase to the Ecumenical Temple.
  6827 | D:4      | Noticed Duvessa
  6829 | Temple   | Entered the Ecumenical Temple
  6862 | Temple   | Became a worshipper of Vehumet
  6953 | D:4      | Noticed Eustachio
  6968 | D:5      | Entered Level 5 of the Dungeon
  7369 | D:5      | Found a basalt altar of Yredelemnul.
  7497 | D:5      | Reached skill level 5 in Stealth
  8281 | D:6      | Reached XP level 8. HP: 54/57 MP: 3/19
  8706 | D:6      | Reached * piety under Vehumet
  8706 | D:6      | Offered knowledge of Freeze by Vehumet.
  9051 | D:6      | HP: 2/58 [orc wizard/+0 dagger (3)]
  9059 | D:6      | Killed from afar by an orc wizard

Levels and vault maps discovered:
D:1:      psy_arrival_fountain, layout_rooms
D:2:      layout_basic, minitemple, elyvilon_altar_1, uniq_robin
D:3:      cheibrodos_fertilizer, layout_rooms,
          chequers_ecumenical_altar_simple_redux, chequers_serial_rivers_large_b
D:4:      layout_basic, makhleb_blood_cavern_becter, kennysheep_mini_moat,
          minmay_temple_entry_drinking_statues, enter_ossuary_4, first_ration,
          doesnt_xom_only_xom, uniq_eustachio, uniq_duvessa
D:5:      layout_basic, lemuel_crystal_altar
D:6:      layout_loops_ring, minmay_increasing_density
Temple:   minmay_temple_curvy_loop

Skill      XL: |  1  2  3  4  5  6  7  8 |
---------------+-------------------------+-----
Conjurations   | 2 3 |  3.4
Summonings     | 2 3 |  3.4
Translocations | 2 3 |  3.4
Invocations    | 1 2 3 |  3.5
Fighting       | 1 2 3 |  3.2
Short Blades   | 1 2 3 |  3.2
Long Blades    | 1 2 3 |  3.2
Axes           | 1 2 3 |  3.2
Maces & Flails | 1 2 3 |  3.2
Polearms       | 1 2 3 |  3.2
Staves         | 1 2 3 |  3.2
Slings         | 1 2 3 |  3.2
Bows           | 1 2 3 |  3.2
Crossbows      | 1 2 3 |  3.2
Throwing       | 1 2 3 |  3.2
Armour         | 1 2 3 |  3.2
Shields        | 1 2 3 |  3.2
Unarmed Combat | 1 2 3 |  3.2
Evocations     | 1 2 3 |  3.2
Hexes          | 1 2 |  2.6
Charms         | 1 2 |  2.6
Necromancy     | 1 2 |  2.6
Transmutations | 1 2 |  2.6
Fire Magic     | 1 2 |  2.6
Ice Magic      | 1 2 |  2.6
Air Magic      | 1 2 |  2.6
Earth Magic    | 1 2 |  2.6
Poison Magic   | 1 2 |  2.6
Dodging        | 5 |  5.6
Stealth        | 5 |  5.3
Spellcasting   | |  7.9

Action                   |  1- 3 |  4- 6 |  7- 9 || total
-------------------------+-------+-------+-------++-------
Melee: Dagger            |    10 |   107 |    10 ||   127
       Bite              |     1 |    13 |       ||    14
 Cast: Magic Dart        |    98 |   346 |   205 ||   649
       Blink             |       |     1 |     3 ||     4
       Call Imp          |       |       |    12 ||    12
       Mephitic Cloud    |       |       |     3 ||     3
  Use: Scroll            |       |     5 |       ||     5
 Stab: Confused          |       |       |     2 ||     2
  Eat: Chunk             |     2 |     6 |     3 ||    11
       Ration            |       |     3 |     1 ||     4
Armor: Robe              |     3 |    36 |     7 ||    46
Dodge: Dodged            |    19 |   145 |    66 ||   230

Table legend:
 A = Non-vault XP
 B = Vault XP
 C = Vault XP percentage of total XP
 D = Non-vault monster count
 E = Vault monster count
 F = Vault count percentage of total count
                 A         B        C        D         E       F
            +---------+---------+-------+---------+---------+-------
      Total |    1251 |     434 |  25.8 |     114 |      74 |  39.4
            +---------+---------+-------+---------+---------+-------
        D:1 |      32 |       2 |   5.9 |      21 |       1 |   4.5
        D:2 |      65 |      30 |  31.6 |      23 |      10 |  30.3
        D:3 |      99 |     143 |  59.1 |      25 |      15 |  37.5
        D:4 |     284 |      42 |  12.9 |      12 |       3 |  20.0
        D:5 |     230 |       0 |   0.0 |      13 |       0 |   0.0
        D:6 |     541 |       0 |   0.0 |      20 |       0 |   0.0
    Ossuary |       0 |     217 | 100.0 |       0 |      45 | 100.0
            +---------+---------+-------+---------+---------+-------

Levels and vault maps discovered:
D:1:      psy_arrival_fountain, layout_rooms
D:2:      layout_basic, minitemple, elyvilon_altar_1, uniq_robin
D:3:      cheibrodos_fertilizer, layout_rooms,
          chequers_ecumenical_altar_simple_redux, chequers_serial_rivers_large_b
D:4:      layout_basic, makhleb_blood_cavern_becter, kennysheep_mini_moat,
          minmay_temple_entry_drinking_statues, enter_ossuary_4, first_ration,
          doesnt_xom_only_xom, uniq_eustachio, uniq_duvessa
D:5:      layout_basic, lemuel_crystal_altar
D:6:      layout_loops_ring, minmay_increasing_density
Temple:   minmay_temple_curvy_loop
